 Dungeon Crawl Stone Soup version 0.25-a0-356-g7c9d860b3b (webtiles) character file.

Game seed: 14705619719040159233, levelgen mode: deterministic

32 kipponium the Chopper (level 3, -1/32 HPs)
             Began as a Naga Warper on Jan 4, 2020.
             Slain by a hound (4 damage)
             ... on level 2 of the Dungeon.
             The game lasted 00:03:08 (1633 turns).

kipponium the Chopper (Naga Warper)                 Turns: 1633, Time: 00:03:08

Health: -1/32      AC:  2    Str: 14    XL:     3   Next: 25%
Magic:  6/6        EV:  6    Int: 13    God:
Gold:   126        SH:  6    Dex: 10    Spells: 4/6 levels left

rFire    + . .     SeeInvis +   a - +0 hand axe
rCold    . . .     Gourm    .   g - +0 shield
rNeg     + . .     Faith    .   b - +0 leather armour
rPois    +         Spirit   .   (no helmet)
rElec    .         Reflect  .   (no cloak)
rCorr    .         Harm     .   (no gloves)
MR       .....                  (no barding)
Stlth    +.........             (no amulet)
HPRegen  0.10/turn              c - ring of positive energy
MPRegen  0.10/turn              i - ring of protection from fire

@: very slow
A: large, see invisible, deformed body, poison resistance, slowness 2, slow
metabolism 1, spit poison 1, AC +1
a: Spit Poison


You were on level 2 of the Dungeon.
You were hungry.

You visited 1 branch of the dungeon, and saw 2 of its levels.

You collected 126 gold pieces.

Inventory:

Hand Weapons
 a - a +0 hand axe (weapon)
Missiles
 e - 4 boomerangs of dispersal (quivered)
 j - 5 boomerangs
Armour
 b - a +0 leather armour (worn)
 g - a +0 shield (worn)
Jewellery
 c - a ring of positive energy (left hand)
 i - a ring of protection from fire (right hand)
Scrolls
 d - a scroll of blinking
 h - 2 scrolls of identify {unknown}
 k - a scroll of amnesia {unknown}
 n - 2 scrolls of remove curse {unknown}
Potions
 l - a potion of mutation {unknown}
Comestibles
 f - 3 rations


   Skills:
 - Level 2.0 Fighting
 + Level 3.5 Axes
 - Level 0.8 Throwing
 - Level 0.7 Armour
 - Level 1.5 Dodging
 - Level 2.0 Spellcasting
 + Level 3.0 Translocations


You had 4 spell levels left.
You knew the following spells:

 Your Spells              Type           Power        Failure   Level  Hunger
a - Blink                 Tloc           N/A          69%         2    ###....

Your spell library contained the following spells:

 Spells                   Type           Power        Failure   Level  Hunger
 Shroud of Golubria       Chrm/Tloc      #.....       88%         2    ###....
 Gell's Gravitas          Tloc           #.........   89%         3    ####...
 Lesser Beckoning         Tloc           #.........   89%         3    ####...
 Teleport Other           Tloc           #.......     89%         3    ####...
 Passage of Golubria      Tloc           N/A          100%        4    #####..


Dungeon Overview and Level Annotations

Branches:
Dungeon (2/15)

Altars:


Innate Abilities, Weirdness & Mutations

You cannot wear boots.
Your serpentine skin is tough. (AC +1)
You have supernaturally acute eyesight. (SInv)
Armour fits poorly on your strangely shaped body.
Your system is resistant to poisons. (rPois)
You cover ground very slowly.
You have a slow metabolism.
You can spit poison.


Message History

You feel slightly more hungry. The hound bites you.
The hound bites you but does no damage.
You are too injured to fight recklessly!
You are too injured to fight recklessly!
You are too injured to fight recklessly!
You miss the hound.
The hound is heavily wounded.
The hound bites you.
* * * LOW HITPOINT WARNING * * *
The hound bites you.
* * * LOW HITPOINT WARNING * * *
Throwing (i - inventory. (/) - cycle)
e - 5 boomerangs of dispersal (quivered)
Press: ? - help, Shift-Dir - straight line, f/p - hound
Aim: a hound (heavily wounded)
You throw a boomerang of dispersal.
The boomerang of dispersal hits the hound but does no damage.
The hound is heavily wounded.
You have got your breath back.
The hound bites you.
You die...

....... ....... ....... ##
....... .. .......
####.###..J.... .......J.......
#h# ####@## #.....# #.#
#.##..#### #.## #.##.....# ....
###########.##...#.### #..#
#................).... #..#
#.##...####.#......##. #..#
#.##...#...........##.##†.####.
#.##...#.##.#.#.........<......


You could see a hound and an ooze.

Vanquished Creatures
  A worm (D:2)
  5 goblins (D:1)
  5 hobgoblins (D:1)
  7 kobolds
  A quokka (D:2)
  2 bats (D:1)
  3 frilled lizards (D:1)
  5 rats
29 creatures vanquished.

Notes
Turn   | Place    | Note
-------+----------+-------------------------------------------
     0 | D:1      | kipponium the Naga Warper began the quest for the Orb.
     0 | D:1      | Reached XP level 1. HP: 19/19 MP: 3/3
   669 | D:1      | Reached XP level 2. HP: 19/26 MP: 5/5
  1303 | D:2      | Reached XP level 3. HP: 32/32 MP: 6/6
  1307 | D:2      | Learned a level 2 spell: Blink
  1633 | D:2      | Slain by a hound

Levels and vault maps discovered:
D:1:      nicolae_arrival_washed_ashore, layout_basic, kennysheep_nondescript
D:2:      minmay_angry_zag, layout_basic

Skill      XL: |  1  2 |
---------------+-------+-----
Axes           | 3 |  3.5
Fighting       | |  2.0
Throwing       | |  0.8
Armour         | |  0.7
Dodging        | |  1.5
Spellcasting   | |  2.0
Translocations | |  3.0

Action                   || total
-------------------------++-------
Melee: Hand axe          ||    84
Throw: Boomerang         ||     1
 Abil: Spit Poison       ||     3
  Eat: Chunk             ||     1
Armor: Leather armour    ||    13
Dodge: Dodged            ||    18
Block: Shield            ||    20

Table legend:
 A = Non-vault XP
 B = Vault XP
 C = Vault XP percentage of total XP
 D = Non-vault monster count
 E = Vault monster count
 F = Vault count percentage of total count
                 A         B        C        D         E       F
            +---------+---------+-------+---------+---------+-------
      Total |      46 |       0 |   0.0 |      29 |       0 |   0.0
            +---------+---------+-------+---------+---------+-------
        D:1 |      33 |       0 |   0.0 |      22 |       0 |   0.0
        D:2 |      13 |       0 |   0.0 |       7 |       0 |   0.0
            +---------+---------+-------+---------+---------+-------
